DTBL
NEW YORK THUNDER CHOPPERS @ COLORADO DEMIGODS
08/22/2020
 
TOP OF THE 1ST
New York Thunder Choppers batting - Pitching for Colorado Demigods : RHP Aaron Nola
Pitching: RHP Aaron Nola
Batting: RHB Harrison Bader 0-0: Called Strike
0-1: Ball
1-1: Ball
2-1: Ball
3-1: Swinging Strike
3-2: SINGLE (Groundball, 6MD, EV 95.6 MPH)
Batting: RHB DJ LeMahieu 0-0: Ball
1-0: Ball
2-0: Called Strike
2-1: Foul Ball, location: 2F
2-2: Ball
3-2: Grounds into double play, 6-4-3 (Groundball, 6S, EV 81.9 MPH)
Batting: LHB Anthony Rizzo 0-0: Foul Ball, location: 2F
0-1: Ball
1-1: Ball
2-1: Ground out 6-3 (Groundball, 6M, EV 87.5 MPH)
Top of the 1st over - 0 runs, 1 hit, 0 errors, 0 left on base; New York 0 - Colorado 0
BOTTOM OF THE 1ST
Colorado Demigods batting - Pitching for New York Thunder Choppers : LHP Chris Sale
Pitching: LHP Chris Sale
Batting: RHB Fernando Tatis Jr. 0-0: Ball
1-0: Ball
2-0: Ball
3-0: Called Strike
3-1: Called Strike
3-2: Base on Balls
Batting: RHB Jose Altuve 0-0: Ball
1-0: Called Strike
1-1: SINGLE (Flyball, 78S, EV 92.5 MPH)
Fernando Tatis Jr. to second
Batting: LHB Freddie Freeman 0-0: Ball
1-0: Called Strike
1-1: Swinging Strike
1-2: Ball
2-2: Fly out, F5 (Popup, 5F, EV 76.3 MPH)
Batting: RHB J.D. Martinez 0-0: Ball
1-0: Called Strike
1-1: Called Strike
1-2: Strikes out swinging
Batting: SHB Francisco Lindor 0-0: Ball
1-0: Called Strike
1-1: SINGLE (Line Drive, 89S, EV 93.1 MPH)
Fernando Tatis Jr. to third
Jose Altuve to second
Runner from 3rd tries for Home, throw by RF and OUT! 9-2
Bottom of the 1st over - 0 runs, 2 hits, 0 errors, 2 left on base; New York 0 - Colorado 0
TOP OF THE 2ND
New York Thunder Choppers batting - Pitching for Colorado Demigods : RHP Aaron Nola
Batting: RHB Pete Alonso 0-0: Foul Ball, location: 2F
0-1: Ball
1-1: Ball
2-1: Ground out 3-1 (Groundball, 34, EV 83.1 MPH)
Batting: RHB Andrew McCutchen 0-0: Swinging Strike
0-1: Called Strike
0-2: Ball
1-2: Ball
2-2: Ball
3-2: Base on Balls
Batting: RHB Brian Anderson 0-0: Ball
Andrew McCutchen steals 2nd base
1-0: Ball
2-0: Foul Ball, location: 2F
2-1: Foul Ball, location: 2F
2-2: Ball
3-2: Foul Ball, location: 2F
3-2: Base on Balls
Batting: LHB Omar Narvaez 0-0: Swinging Strike
0-1: Called Strike
0-2: Strikes out swinging
Batting: RHB Willy Adames 0-0: Foul Ball, location: 2F
0-1: Ball
1-1: Ball
2-1: Foul Ball, location: 2F
2-2: Foul Ball, location: 2F
2-2: Ball
Wild Pitch!
Andrew McCutchen to third
Brian Anderson to second
3-2: Base on Balls
Batting: RHB Whit Merrifield 0-0: Called Strike
0-1: Ball
1-1: SINGLE (Groundball, 4MD, EV 96.3 MPH)
Andrew McCutchen scores
Brian Anderson to third
Willy Adames to second
Runner from 3rd tries for Home, SAFE, throw by CF to home
Batting: RHB Harrison Bader 0-0: Called Strike
0-1: Foul Ball, location: 2F
0-2: Ball
1-2: Ground out 3-1 (Groundball, 3S, EV 61.9 MPH)
Top of the 2nd over - 2 runs, 1 hit, 0 errors, 2 left on base; New York 2 - Colorado 0
BOTTOM OF THE 2ND
Colorado Demigods batting - Pitching for New York Thunder Choppers : LHP Chris Sale
Batting: RHB Justin Turner 0-0: Foul Ball, location: 2F
0-1: Swinging Strike
0-2: Foul Ball, location: 2F
0-2: Strikes out looking
Batting: LHB Austin Meadows 0-0: Foul Ball, location: 2F
0-1: Foul Ball, location: 2F
0-2: Ball
1-2: Strikes out looking
Batting: RHB Willson Contreras 0-0: Ball
1-0: Ball
2-0: Foul Ball, location: 2F
2-1: Fly out, F8 (Line Drive, 8RD, EV 96.3 MPH)
Bottom of the 2nd over - 0 runs, 0 hits, 0 errors, 0 left on base; New York 2 - Colorado 0
TOP OF THE 3RD
New York Thunder Choppers batting - Pitching for Colorado Demigods : RHP Aaron Nola
Batting: RHB DJ LeMahieu 0-0: Called Strike
0-1: Bunt for hit to 23 - play at first, batter safe!
Batting: LHB Anthony Rizzo 0-0: Hit by Pitch
DJ LeMahieu to second
Batting: RHB Pete Alonso 0-0: Grounds into double play, 4-6-3 (Groundball, 4, EV 77.5 MPH)
DJ LeMahieu to third
Batting: RHB Andrew McCutchen 0-0: Called Strike
0-1: Fly out, F7 (Flyball, 78M, EV 88.1 MPH)
Top of the 3rd over - 0 runs, 1 hit, 0 errors, 1 left on base; New York 2 - Colorado 0
BOTTOM OF THE 3RD
Colorado Demigods batting - Pitching for New York Thunder Choppers : LHP Chris Sale
Batting: SHB Ketel Marte 0-0: Ball
1-0: Bunt - Flyout to 15S! F1
Batting: RHB Fernando Tatis Jr. 0-0: Ball
1-0: DOUBLE (Line Drive, 5D, EV 107.5 MPH)
Batting: RHB Jose Altuve 0-0: Called Strike
0-1: Foul Ball, location: 2F
0-2: Strikes out swinging
Batting: LHB Freddie Freeman 0-0: Foul Ball, location: 2F
0-1: Swinging Strike
0-2: Ball
1-2: Ball
2-2: Foul Ball, location: 2F
2-2: Fly out, F8 (Flyball, 89D, EV 96.9 MPH)
Bottom of the 3rd over - 0 runs, 1 hit, 0 errors, 1 left on base; New York 2 - Colorado 0
TOP OF THE 4TH
New York Thunder Choppers batting - Pitching for Colorado Demigods : RHP Aaron Nola
Batting: RHB Brian Anderson 0-0: Foul Ball, location: 2F
0-1: Foul Ball, location: 2F
0-2: Strikes out swinging
Batting: LHB Omar Narvaez 0-0: Foul Ball, location: 2F
0-1: Ground out U3 (Groundball, 3, EV 109.4 MPH)
Batting: RHB Willy Adames 0-0: Ball
1-0: Called Strike
1-1: Ground out 6-3 (Groundball, 4M, EV 79.4 MPH)
Top of the 4th over - 0 runs, 0 hits, 0 errors, 0 left on base; New York 2 - Colorado 0
BOTTOM OF THE 4TH
Colorado Demigods batting - Pitching for New York Thunder Choppers : LHP Chris Sale
Batting: RHB J.D. Martinez 0-0: Ball
1-0: DOUBLE (Line Drive, 9LD, EV 106.3 MPH)
Batting: SHB Francisco Lindor 0-0: Called Strike
0-1: Foul Ball, location: 2F
0-2: Foul Ball, location: 2F
0-2: Ball
1-2: Foul Ball, location: 2F
1-2: Ground out 1-3 (Groundball, 34S, EV 66.3 MPH)
J.D. Martinez to third
Batting: RHB Justin Turner 0-0: Swinging Strike
0-1: Swinging Strike
0-2: Foul Ball, location: 2F
0-2: Ball
1-2: Strikes out swinging
Batting: LHB Austin Meadows 0-0: Ball
1-0: SINGLE (Line Drive, 34D, EV 96.3 MPH)
J.D. Martinez scores
Batting: RHB Willson Contreras 0-0: Ball
1-0: Ball
2-0: Ball
3-0: Base on Balls
Austin Meadows to second
Batting: SHB Ketel Marte 0-0: Foul Ball, location: 2F
0-1: Ball
1-1: Swinging Strike
1-2: Foul Ball, location: 2F
1-2: Ball
2-2: Ground out 5-3 (Groundball, 56, EV 108.1 MPH)
Bottom of the 4th over - 1 run, 2 hits, 0 errors, 2 left on base; New York 2 - Colorado 1
TOP OF THE 5TH
New York Thunder Choppers batting - Pitching for Colorado Demigods : RHP Aaron Nola
Batting: RHB Whit Merrifield 0-0: Ball
1-0: Ball
2-0: Ground out 5-3 (Groundball, 56S, EV 86.3 MPH)
Batting: RHB Harrison Bader 0-0: Foul Ball, location: 2F
0-1: Called Strike
0-2: Ball
1-2: Strikes out swinging
Batting: RHB DJ LeMahieu 0-0: Ball
1-0: Called Strike
1-1: Ball
2-1: Ball
3-1: Base on Balls
Batting: LHB Anthony Rizzo 0-0: Called Strike
0-1: Ball
1-1: Swinging Strike
1-2: Strikes out swinging
Top of the 5th over - 0 runs, 0 hits, 0 errors, 1 left on base; New York 2 - Colorado 1
BOTTOM OF THE 5TH
Colorado Demigods batting - Pitching for New York Thunder Choppers : LHP Chris Sale
Batting: RHB Fernando Tatis Jr. 0-0: Ball
1-0: Foul Ball, location: 2F
1-1: Swinging Strike
1-2: Strikes out swinging
Batting: RHB Jose Altuve 0-0: Ball
1-0: Called Strike
1-1: Foul Ball, location: 2F
1-2: Ball
2-2: Strikes out looking
Batting: LHB Freddie Freeman 0-0: Ball
1-0: SINGLE (Groundball, 56D, EV 96.3 MPH)
Batting: RHB J.D. Martinez 0-0: Swinging Strike
0-1: Called Strike
0-2: Ball
1-2: Strikes out swinging
Bottom of the 5th over - 0 runs, 1 hit, 0 errors, 1 left on base; New York 2 - Colorado 1
TOP OF THE 6TH
New York Thunder Choppers batting - Pitching for Colorado Demigods : RHP Aaron Nola
Batting: RHB Pete Alonso 0-0: Ball
1-0: Ball
2-0: Ball
3-0: Called Strike
3-1: Foul Ball, location: 2F
3-2: Strikes out swinging
Batting: RHB Andrew McCutchen 0-0: Ball
1-0: Foul Ball, location: 2F
1-1: Foul Ball, location: 2F
1-2: Ball
2-2: Ball
3-2: Foul Ball, location: 2F
3-2: Foul Ball, location: 2F
3-2: SINGLE (Line Drive, 89M, EV 91.9 MPH)
Batting: RHB Brian Anderson 0-0: Called Strike
0-1: Fly out, F8 (Line Drive, 8LM, EV 92.5 MPH)
Batting: LHB Omar Narvaez 0-0: Foul Ball, location: 2F
0-1: Fielders Choice at 2nd, 6-4 (Groundball, 6, EV 91.3 MPH)
Top of the 6th over - 0 runs, 1 hit, 0 errors, 1 left on base; New York 2 - Colorado 1
BOTTOM OF THE 6TH
Colorado Demigods batting - Pitching for New York Thunder Choppers : LHP Chris Sale
Batting: SHB Francisco Lindor 0-0: Called Strike
0-1: Foul Ball, location: 2F
0-2: Ball
1-2: Fly out, F4 (Flyball, 34D, EV 90.6 MPH)
Batting: RHB Justin Turner 0-0: Called Strike
0-1: Foul Ball, location: 2F
0-2: Strikes out swinging
Batting: LHB Austin Meadows 0-0: Foul Ball, location: 2F
0-1: Fly out, F4 (Line Drive, 4, EV 73.8 MPH)
Bottom of the 6th over - 0 runs, 0 hits, 0 errors, 0 left on base; New York 2 - Colorado 1
TOP OF THE 7TH
New York Thunder Choppers batting - Pitching for Colorado Demigods : RHP Aaron Nola
Pitching: LHP Max Fried
Batting: RHB Willy Adames 0-0: Ball
1-0: Ground out U3 (Groundball, 34, EV 94.4 MPH)
Batting: RHB Whit Merrifield 0-0: Swinging Strike
0-1: Ground out 5-3 (Groundball, 56, EV 85.0 MPH)
Batting: RHB Harrison Bader 0-0: Ball
1-0: Called Strike
1-1: Foul Ball, location: 2F
1-2: Strikes out looking
Top of the 7th over - 0 runs, 0 hits, 0 errors, 0 left on base; New York 2 - Colorado 1
BOTTOM OF THE 7TH
Colorado Demigods batting - Pitching for New York Thunder Choppers : LHP Chris Sale
Batting: RHB Willson Contreras 0-0: Called Strike
0-1: Foul Ball, location: 2F
0-2: Ball
1-2: Strikes out looking
Pitching: RHP Joe Jimenez
Batting: SHB Ketel Marte 0-0: Swinging Strike
0-1: Ground out 6-3 (Groundball, 6, EV 81.9 MPH)
Batting: RHB Fernando Tatis Jr. 0-0: Ball
1-0: Foul Ball, location: 2F
1-1: Ball
2-1: Ground out 4-3 (Groundball, 4, EV 85.0 MPH)
Bottom of the 7th over - 0 runs, 0 hits, 0 errors, 0 left on base; New York 2 - Colorado 1
TOP OF THE 8TH
New York Thunder Choppers batting - Pitching for Colorado Demigods : LHP Max Fried
Batting: RHB DJ LeMahieu 0-0: Foul Ball, location: 2F
0-1: Hit by Pitch
Batting: LHB Anthony Rizzo 0-0: Ball
1-0: Ground out 6-3 (Groundball, 4S, EV 68.1 MPH)
DJ LeMahieu to second
Batting: RHB Pete Alonso 0-0: Foul Ball, location: 2F
0-1: Ground out 4-3 (Groundball, 4, EV 100.0 MPH)
DJ LeMahieu to third
Batting: RHB Andrew McCutchen 0-0: Ball
1-0: Ball
2-0: Foul Ball, location: 2F
2-1: Ball
3-1: Base on Balls
Batting: RHB Brian Anderson 0-0: Called Strike
0-1: Ball
1-1: SINGLE (Groundball, 34D, EV 95.0 MPH)
DJ LeMahieu scores
Andrew McCutchen to second
Runner from 2nd tries for 3rd, SAFE, throw by RF made to third
Batting: LHB Omar Narvaez 0-0: SINGLE (Line Drive, 4D, EV 103.8 MPH)
Andrew McCutchen scores
Brian Anderson to second
Batting: RHB Willy Adames 0-0: Called Strike
0-1: Ball
1-1: Foul Ball, location: 2F
1-2: Foul Ball, location: 2F
1-2: Foul Ball, location: 2F
1-2: Strikes out looking
Top of the 8th over - 2 runs, 2 hits, 0 errors, 2 left on base; New York 4 - Colorado 1
BOTTOM OF THE 8TH
Colorado Demigods batting - Pitching for New York Thunder Choppers : RHP Joe Jimenez
Batting: RHB Jose Altuve 0-0: Called Strike
0-1: Swinging Strike
0-2: Ball
1-2: Ball
2-2: Foul Ball, location: 2F
2-2: Ground out 6-3 (Groundball, 56, EV 96.3 MPH)
Batting: LHB Freddie Freeman 0-0: Called Strike
0-1: Foul Ball, location: 2F
0-2: Ball
1-2: Foul Ball, location: 2F
1-2: Ground out 4-3 (Groundball, 34D, EV 77.5 MPH)
Batting: RHB J.D. Martinez 0-0: Ball
1-0: Ball
2-0: Ball
3-0: Called Strike
3-1: Base on Balls
Pitching: RHP Hunter Harvey
Batting: SHB Francisco Lindor 0-0: Called Strike
0-1: Foul Ball, location: 2F
0-2: Foul Ball, location: 2F
0-2: Ball
1-2: Ball
2-2: Strikes out looking
Bottom of the 8th over - 0 runs, 0 hits, 0 errors, 1 left on base; New York 4 - Colorado 1
TOP OF THE 9TH
New York Thunder Choppers batting - Pitching for Colorado Demigods : LHP Max Fried
Pitching: RHP Matt Barnes
Batting: RHB Whit Merrifield 0-0: Ball
1-0: Foul Ball, location: 2F
1-1: Swinging Strike
1-2: Foul Ball, location: 2F
1-2: Ball
2-2: Foul Ball, location: 2F
2-2: Strikes out looking
Batting: RHB Harrison Bader 0-0: Called Strike
0-1: Called Strike
0-2: Ball
1-2: Ball
2-2: Ball
3-2: Foul Ball, location: 2F
3-2: Base on Balls
Batting: RHB DJ LeMahieu 0-0: Ball
1-0: Ground out 4-3 (Groundball, 4M, EV 109.4 MPH)
Harrison Bader to second
Batting: LHB Anthony Rizzo 0-0: Ball
1-0: Called Strike
1-1: Ball
2-1: Ball
3-1: SINGLE (Groundball, 4MD, EV 103.8 MPH)
Harrison Bader to third
Runner from 3rd tries for Home, SAFE, throw by CF to home
Batting: RHB Pete Alonso 0-0: Swinging Strike
0-1: Ball
1-1: Ball
2-1: Foul Ball, location: 2F
2-2: Foul Ball, location: 2F
2-2: Foul Ball, location: 2F
2-2: Strikes out looking
Top of the 9th over - 1 run, 1 hit, 0 errors, 1 left on base; New York 5 - Colorado 1
BOTTOM OF THE 9TH
Colorado Demigods batting - Pitching for New York Thunder Choppers : RHP Hunter Harvey
Batting: RHB Justin Turner 0-0: Called Strike
0-1: Ball
1-1: Swinging Strike
1-2: Strikes out swinging
Batting: LHB Austin Meadows 0-0: Ball
1-0: Ball
2-0: Foul Ball, location: 2F
2-1: Foul Ball, location: 2F
2-2: Strikes out looking
Batting: RHB Willson Contreras 0-0: Called Strike
0-1: Foul Ball, location: 2F
0-2: Ball
1-2: Fly out, F5 (Popup, 56S, EV 78.1 MPH)
Bottom of the 9th over - 0 runs, 0 hits, 0 errors, 0 left on base; New York 5 - Colorado 1
Tuesday, June 9th, 2020 - OOTP Baseball 21.3 Build 54